 Dungeon Crawl Stone Soup version 0.28-a0-1485-g077359a4bf (webtiles) character file.

Game seed: 14869726238916802564

2001 sanka the Conjurer (level 9, -9/65 HPs)
             Began as a Gnoll Conjurer on Jan 11, 2022.
             Mangled by an ogre (30 damage)
             ... on level 7 of the Dungeon.
             The game lasted 00:15:59 (8007 turns).

sanka the Conjurer (Gnoll Conjurer)                 Turns: 8007, Time: 00:15:59

Health: -9/65      AC:  2    Str: 12    XL:     9   Next: 22%
Magic:  0/18       EV: 14    Int: 21    God:
Gold:   211        SH:  0    Dex: 12    Spells: 13/21 levels left

rFire   + + .      SeeInvis .   a - +9 war axe of Cheese {drain, rF++ rC+ rCorr}
rCold   + . .      Faith    .   (no shield)
rNeg    + . .      Spirit   .   B - +0 robe
rPois   .          Reflect  .   (no helmet)
rElec   .          Harm     .   (no cloak)
rCorr   +          Rampage  .   (no gloves)
Will    .....                   (no boots)
Stlth   +++.......              (no amulet)
HPRegen 0.20/turn               g - +6 ring of strength
MPRegen 0.16/turn               x - ring of positive energy

@: no status effects
A: fangs 1, strong nose, distributed training
a: no special abilities


You were on level 7 of the Dungeon.
You visited 1 branch of the dungeon, and saw 7 of its levels.
You also visited: Sewer.

You collected 409 gold pieces.
You spent 198 gold pieces at shops.


Innate Abilities, Weirdness & Mutations

You have very sharp teeth.
Your uncanny sense of smell can sniff out nearby items.
Your experience applies equally to all skills.


   Skills:
 + Level 4.0 Fighting
 + Level 4.0 Short Blades
 + Level 4.0 Long Blades
 + Level 4.0 Axes
 + Level 4.0 Maces & Flails
 + Level 4.0 Polearms
 + Level 4.0 Staves
 + Level 4.0 Slings
 + Level 4.0 Bows
 + Level 4.0 Crossbows
 + Level 4.0 Throwing
 + Level 4.0 Armour
 + Level 6.1 Dodging
 + Level 5.9 Stealth
 + Level 4.0 Shields
 + Level 4.0 Unarmed Combat
 + Level 6.5 Spellcasting
 + Level 7.9 Conjurations
 + Level 3.3 Hexes
 + Level 3.3 Summonings
 + Level 3.3 Necromancy
 + Level 3.3 Translocations
 + Level 3.3 Transmutations
 + Level 3.3 Fire Magic
 + Level 3.3 Ice Magic
 + Level 3.3 Air Magic
 + Level 3.3 Earth Magic
 + Level 3.3 Poison Magic
 + Level 4.4 Invocations
 + Level 4.0 Evocations


You had 13 spell levels left.
You knew the following spells:

 Your Spells              Type           Power      Damage    Failure   Level
c - Stone Arrow           Conj/Erth      60%        3d10      2%          3
x - Searing Ray           Conj           80%        2d7       1%          2
z - Magic Dart            Conj           100%       1d8       1%          1
N - Passwall              Tmut/Erth      16%        N/A       3%          2

Your spell library contained the following spells:

 Spells                   Type           Power      Damage    Failure   Level
 Sandblast                Erth           40%        2d10      2%          1
 Dazzling Flash           Conj/Hex       60%        N/A       2%          3
 Fulminant Prism          Conj/Hex       15%        3d11      9%          4
 Iskenderun's Mystic Bla  Conj/Tloc      30%        2d8       9%          4
 Agony                    Necr           20%        N/A       54%         5
 Silence                  Hex/Air        10%        N/A       54%         5

Inventory:

Hand Weapons
 a - the +9 war axe of Cheese (weapon) {drain, rF++ rC+ rCorr} A truly terrible weapon, it drains the life of any living foe it strikes. rF: It greatly protects you from fire. rC: It protects you from cold. rCorr: It protects you from acid and corrosion.
 p - a +1 vampiric war axe
Missiles
 f - 2 throwing nets {=f}
Armour
 q - a +2 pair of gloves
 A - a +0 pair of gloves
 B - a +0 robe (worn)
Magical Staves
 y - a staff of death
Jewellery
 g - a +6 ring of strength (left hand)
 x - a ring of positive energy (right hand)
Wands
 E - a wand of polymorph (13)
Scrolls
 d - 2 scrolls of fog
 e - a scroll of vulnerability {unknown}
 h - 3 scrolls of noise {!r}
 k - 5 scrolls of teleportation {@r4}
 m - 2 scrolls of enchant weapon
 o - a scroll of summoning {unknown}
 s - a scroll of silence {unknown}
 z - 2 scrolls of enchant armour
 C - a scroll of blinking
 D - a scroll of brand weapon
Potions
 b - 6 potions of heal wounds {unknown}
 c - 7 potions of curing {unknown}
 j - 2 potions of haste {unknown}
 l - a potion of lignification {unknown}
 n - a potion of flight {unknown}
 r - 2 potions of magic {unknown}
 t - 3 potions of cancellation {unknown}
 u - a potion of brilliance {unknown}
 v - a potion of mutation {unknown}
 w - 2 potions of berserk rage {unknown}

Dungeon Overview and Level Annotations

Branches:
Dungeon (7/15)             Temple (0/1) D:7           Sewer (visited)

Altars:
Ashenzari
Cheibriados
Fedhas
Hepliaklqana
Zin

Shops:
D:1 ?   D:4 *   D:6 :

Annotations:
D:5 exclusion: troll
D:6 2 transporters, benappo's ghost, amateur GnWn
D:7 exclusions: centaur and sky beast

▒▒▒▒ ...▒▒ ....▒ ▒▒▒▒▒ ▒▒▒..▒▒
▒▒...▒▒▒.....▒ ▒▒▒.....▒▒....▒ ▒
▒▒.▒..▒.......▒▒▒ ▒
▒.....▒.........▒ ▒▒
▒...g▒....▒▒.g..▒ ▒.
▒..O▒▒...▒▒▒....▒▒▒▒. ▒.
▒...▒.▒▒.▒▒......▒▒.. ...
▒▒▒..<..▒...▒.......▒▒. .
...▒▒.▒.....▒▒...........▒.
..................▒..............
.........▒.▒......▒..............
........▒▒.......▒▒........▒.....
.................▒.........▒.....


You could see an ogre.


Message History

You feel sick. The water moccasin bites you.
You are more poisoned.
The water moccasin poisons you!
Unknown command.
Unknown command.
You slash the water moccasin!
You kill the water moccasin!
You feel extremely sick.
Unknown command.
Unknown command.
You feel very sick.
You feel very sick.
You feel very sick.
You feel sick.
You feel sick.
You feel sick.
You feel sick.
You feel sick.
You feel sick.
You feel sick.
You feel sick.
You are no longer poisoned.
The stone arrow hits the ogre!!
The ogre is severely wounded.
The ogre misses you.
The stone arrow hits the ogre!
The ogre is almost dead.
The ogre hits you with a +0 giant club!!
You die...

Action                   |  1- 3 |  4- 6 |  7- 9 || total
-------------------------+-------+-------+-------++-------
Melee: Unarmed           |     8 |       |       ||     8
       War axe           |       |    20 |    49 ||    69
       Bite              |       |       |     7 ||     7
       Punch             |       |       |     2 ||     2
 Cast: Magic Dart        |    55 |    69 |    22 ||   146
       Searing Ray       |     1 |    21 |    12 ||    34
       Stone Arrow       |       |       |    45 ||    45
  Use: Scroll            |       |       |     7 ||     7
Armor: Robe              |     1 |     9 |    15 ||    25
Dodge: Dodged            |    13 |    58 |    83 ||   154

Levels and vault maps discovered:
D:1:      dpeg_arrival_shelter, layout_loops_ring, serial_shops,
          nicolae_shop_statue_plus, ebering_ecumenical_altar_petrified
D:2:      layout_rooms
D:3:      layout_basic, overflow_temple_1_default,
          cheibrodos_sewer_entry_sluice, grunt_ministairs_15
D:4:      layout_layer_cave, zin_purify, uniq_eustachio
D:5:      layout_basic, nicolae_hepliaklqana_hazy_memory, lemuel_flamethrower_2
D:6:      layout_rooms, serial_shops, nicolae_shop_competitors_out_of_business,
          gammafunk_ghost_smash, kennysheep_generic_room_11
D:7:      layout_cave_pools, overflow_temple_1_default,
          mainiacjoe_overflow_small_starburst,
          minmay_temple_entry_statues_fountains, enter_bailey_5, serial_bayou,
          serial_bayou_pond_e, serial_bayou_ford_a, serial_bayou_lake_a,
          serial_bayou_pond_e, minmay_bent

Notes
Turn   | Place    | Note
-------+----------+-------------------------------------------
     0 | D:1      | sanka the Gnoll Conjurer began the quest for the Orb.
     0 | D:1      | Reached XP level 1. HP: 13/13 MP: 6/6
   133 | D:1      | Found Dienasept's Magic Scroll Boutique.
   489 | D:1      | Found a faded altar of an unknown god.
   609 | D:1      | Reached XP level 2. HP: 19/19 MP: 4/7
   643 | D:1      | Learned a level 2 spell: Searing Ray
  1180 | D:2      | Reached XP level 3. HP: 25/25 MP: 6/9
  1209 | D:2      | Reached skill level 5 in Spellcasting
  1355 | D:2      | Reached skill level 1 in Invocations
  1523 | D:1      | Reached skill level 1 in Fighting
  1523 | D:1      | Reached skill level 1 in Short Blades
  1523 | D:1      | Reached skill level 1 in Long Blades
  1523 | D:1      | Reached skill level 1 in Axes
  1523 | D:1      | Reached skill level 1 in Maces & Flails
  1523 | D:1      | Reached skill level 1 in Polearms
  1523 | D:1      | Reached skill level 1 in Staves
  1523 | D:1      | Reached skill level 1 in Slings
  1523 | D:1      | Reached skill level 1 in Bows
  1523 | D:1      | Reached skill level 1 in Crossbows
  1523 | D:1      | Reached skill level 1 in Throwing
  1523 | D:1      | Reached skill level 1 in Armour
  1523 | D:1      | Reached skill level 1 in Shields
  1523 | D:1      | Reached skill level 1 in Unarmed Combat
  1523 | D:1      | Reached skill level 1 in Evocations
  1523 | D:1      | Reached XP level 4. HP: 21/32 MP: 7/11
  2005 | D:3      | Found a broken altar of Ashenzari.
  2010 | D:3      | Reached skill level 1 in Hexes
  2010 | D:3      | Reached skill level 1 in Summonings
  2010 | D:3      | Reached skill level 1 in Necromancy
  2010 | D:3      | Reached skill level 1 in Translocations
  2010 | D:3      | Reached skill level 1 in Transmutations
  2010 | D:3      | Reached skill level 1 in Fire Magic
  2010 | D:3      | Reached skill level 1 in Ice Magic
  2010 | D:3      | Reached skill level 1 in Air Magic
  2010 | D:3      | Reached skill level 1 in Earth Magic
  2010 | D:3      | Reached skill level 1 in Poison Magic
  2139 | D:3      | Reached XP level 5. HP: 29/37 MP: 2/12
  2246 | D:3      | Found a glowing drain.
  2390 | Sewer    | Entered a sewer
  3652 | D:4      | Found Zin's Purification Station.
  3655 | D:4      | Found a glowing silver altar of Zin.
  3712 | D:4      | Noticed Eustachio
  3989 | D:4      | Noticed a black bear
  4007 | D:4      | Killed a black bear
  4008 | D:4      | Reached skill level 2 in Fighting
  4008 | D:4      | Reached skill level 2 in Short Blades
  4008 | D:4      | Reached skill level 2 in Long Blades
  4008 | D:4      | Reached skill level 2 in Axes
  4008 | D:4      | Reached skill level 2 in Maces & Flails
  4008 | D:4      | Reached skill level 2 in Polearms
  4008 | D:4      | Reached skill level 2 in Staves
  4008 | D:4      | Reached skill level 2 in Slings
  4008 | D:4      | Reached skill level 2 in Bows
  4008 | D:4      | Reached skill level 2 in Crossbows
  4008 | D:4      | Reached skill level 2 in Throwing
  4008 | D:4      | Reached skill level 2 in Armour
  4008 | D:4      | Reached skill level 5 in Dodging
  4008 | D:4      | Reached skill level 2 in Shields
  4008 | D:4      | Reached skill level 2 in Unarmed Combat
  4008 | D:4      | Reached skill level 2 in Invocations
  4008 | D:4      | Reached skill level 2 in Evocations
  4008 | D:4      | Reached XP level 6. HP: 44/44 MP: 5/14
  4362 | D:4      | Reached XP level 7. HP: 45/50 MP: 9/15
  4637 | D:4      | Killed Eustachio
  4638 | D:4      | Reached skill level 2 in Hexes
  4638 | D:4      | Reached skill level 2 in Summonings
  4638 | D:4      | Reached skill level 2 in Necromancy
  4638 | D:4      | Reached skill level 2 in Translocations
  4638 | D:4      | Reached skill level 2 in Transmutations
  4638 | D:4      | Reached skill level 2 in Fire Magic
  4638 | D:4      | Reached skill level 2 in Ice Magic
  4638 | D:4      | Reached skill level 2 in Air Magic
  4638 | D:4      | Reached skill level 2 in Earth Magic
  4638 | D:4      | Reached skill level 2 in Poison Magic
  5129 | D:5      | Entered Level 5 of the Dungeon
  5323 | D:5      | Found a hazy altar of Hepliaklqana.
  5455 | D:5      | Reached skill level 5 in Stealth
  5455 | D:5      | Reached skill level 3 in Invocations
  5772 | D:5      | Noticed a troll
  6007 | D:5      | Identified the +9 war axe of Cheese {drain, rF++ rC+ rCorr}
  6019 | D:5      | Reached XP level 8. HP: 17/57 MP: 16/16
  6024 | D:5      | Reached skill level 3 in Fighting
  6024 | D:5      | Reached skill level 3 in Short Blades
  6024 | D:5      | Reached skill level 3 in Long Blades
  6024 | D:5      | Reached skill level 3 in Axes
  6024 | D:5      | Reached skill level 3 in Maces & Flails
  6024 | D:5      | Reached skill level 3 in Polearms
  6024 | D:5      | Reached skill level 3 in Staves
  6024 | D:5      | Reached skill level 3 in Slings
  6024 | D:5      | Reached skill level 3 in Bows
  6024 | D:5      | Reached skill level 3 in Crossbows
  6024 | D:5      | Reached skill level 3 in Throwing
  6024 | D:5      | Reached skill level 3 in Armour
  6024 | D:5      | Reached skill level 3 in Shields
  6024 | D:5      | Reached skill level 3 in Unarmed Combat
  6024 | D:5      | Reached skill level 3 in Evocations
  6332 | D:6      | Identified the +4 great mace of Ashenzari's Regard {flame,
                  | Int+2}
  6332 | D:6      | Noticed benappo's ghost (amateur GnWn)
  6333 | D:6      | Found a transporter.
  6348 | D:6      | Found Nusheog's Book Emporium.
  6356 | D:6      | Bought a book of Geomancy for 198 gold pieces
  6360 | D:6      | Learned a level 3 spell: Stone Arrow
  6363 | D:6      | Learned a level 2 spell: Passwall
  6543 | D:6      | Reached skill level 6 in Spellcasting
  7437 | D:6      | Found a transporter.
  7483 | D:7      | Reached skill level 3 in Hexes
  7483 | D:7      | Reached skill level 3 in Summonings
  7483 | D:7      | Reached skill level 3 in Necromancy
  7483 | D:7      | Reached skill level 3 in Translocations
  7483 | D:7      | Reached skill level 3 in Transmutations
  7483 | D:7      | Reached skill level 3 in Fire Magic
  7483 | D:7      | Reached skill level 3 in Ice Magic
  7483 | D:7      | Reached skill level 3 in Air Magic
  7483 | D:7      | Reached skill level 3 in Earth Magic
  7483 | D:7      | Reached skill level 3 in Poison Magic
  7483 | D:7      | Reached skill level 4 in Invocations
  7498 | D:6      | Reached skill level 6 in Dodging
  7584 | D:7      | Found a blossoming altar of Fedhas.
  7600 | D:7      | Reached XP level 9. HP: 31/65 MP: 2/18
  7902 | D:7      | Found a staircase to the Ecumenical Temple.
  7913 | D:7      | Found a snail-covered altar of Cheibriados.
  7969 | D:7      | Reached skill level 4 in Fighting
  7969 | D:7      | Reached skill level 4 in Short Blades
  7969 | D:7      | Reached skill level 4 in Long Blades
  7969 | D:7      | Reached skill level 4 in Axes
  7969 | D:7      | Reached skill level 4 in Maces & Flails
  7969 | D:7      | Reached skill level 4 in Polearms
  7969 | D:7      | Reached skill level 4 in Staves
  7969 | D:7      | Reached skill level 4 in Slings
  7969 | D:7      | Reached skill level 4 in Bows
  7969 | D:7      | Reached skill level 4 in Crossbows
  7969 | D:7      | Reached skill level 4 in Throwing
  7969 | D:7      | Reached skill level 4 in Armour
  7969 | D:7      | Reached skill level 4 in Shields
  7969 | D:7      | Reached skill level 4 in Unarmed Combat
  7969 | D:7      | Reached skill level 4 in Evocations
  8007 | D:7      | Mangled by an ogre

Vanquished Creatures
  Eustachio (D:4)
  A water moccasin (D:7)
  2 sky beasts (D:6)
  2 black bears
  2 necrophages
  2 ogres
  A centaur (D:5)
  2 phantoms
  A bullfrog (D:7)
  A wyvern zombie (D:7)
  A wyvern skeleton (D:6)
  A centaur zombie (D:7)
  5 hounds
  2 orc priests
  A centaur skeleton (D:6)
  A bullfrog skeleton (D:5)
  2 scorpion zombies (D:5)
  A hell rat (Sewer)
  2 hound zombies (D:5)
  10 adders
  4 gnolls
  A howler monkey skeleton (D:3)
  2 river rats (Sewer)
  A shadow imp (D:6)
  2 white imps (D:7)
  An ufetubus (D:5)
  An adder skeleton (D:5)
  4 worms (D:3)
  A dart slug (D:2)
  8 orcs
  3 endoplasms
  4 giant cockroaches
  3 goblins
  7 hobgoblins
  3 jackals (D:4)
  5 quokkas
  6 ball pythons
  7 bats
  7 frilled lizards
  A kobold (D:2)
  7 rats
119 creatures vanquished.

Vanquished Creatures (others)
  A bullfrog zombie (D:5)
  An iguana (D:5)
  11 plants
13 creatures vanquished.

Grand Total: 132 creatures vanquished
